 Dungeon Crawl Stone Soup version 0.28.0-1-gb440e238dd (webtiles) character file.

Game seed: 1401993359291759957

7725 pkoi the Destroyer (level 11, -6/74 HPs)
             Began as a Black Draconian Conjurer on Feb 25, 2022.
             Was a Follower of Sif Muna.
             Mangled by Gastronok (17 damage)
             ... on level 1 of the Lair of Beasts.
             The game lasted 00:18:23 (15670 turns).

pkoi the Destroyer (Black Draconian Conjurer)      Turns: 15670, Time: 00:18:23

Health: -6/74      AC: 15    Str: 14    XL:     11   Next: 0%
Magic:  15/24      EV: 12    Int: 22    God:    Sif Muna [*.....]
Gold:   453        SH:  0    Dex: 10    Spells: 9/16 levels left

rFire   . . .      SeeInvis .   o - +11 whip of Xeag Amn {drain, rPois rF- MP+9 Str+4}
rCold   . . .      Faith    .   (no shield)
rNeg    . . .      Spirit   .   (armour unavailable)
rPois   +          Reflect  .   c - +0 hat
rElec   +          Harm     .   (no cloak)
rCorr   .          Rampage  .   t - +2 pair of gloves
Will    .....                   r - +0 pair of boots
Stlth   ++........              (no amulet)
HPRegen 0.22/turn               j - +4 ring of protection
MPRegen 0.19/turn               k - ring of protection from fire

@: no status effects
A: breathe lightning, AC +7, unfitting armour, electricity resistance,
cold-blooded
a: Breathe Lightning, Renounce Religion, Channel Magic


You were on level 1 of the Lair of Beasts.
You worshipped Sif Muna.
Sif Muna was aware of your devotion.
You visited 3 branches of the dungeon, and saw 11 of its levels.

You collected 705 gold pieces.
You spent 252 gold pieces at shops.

Inventory:

Hand Weapons
 b - a +5 dagger
 o - the +11 whip of Xeag Amn (weapon) {drain, rPois rF- MP+9 Str+4}
   (You found it on level 4 of the Dungeon)

   A truly terrible weapon, it drains the life of any living foe it strikes.
   Str:       It affects your strength (+4).
   rF:        It makes you vulnerable to fire.
   rPois:     It protects you from poison.
   MP:        It affects your magic capacity (+9).
Armour
 c - a +0 hat (worn)
 r - a +0 pair of boots (worn)
 t - a +2 pair of gloves (worn)
Jewellery
 h - a ring of protection from cold
 j - a +4 ring of protection (left hand)
 k - a ring of protection from fire (right hand)
 v - a ring of protection from fire
Wands
 l - a wand of iceblast (4)
 s - a wand of charming (11)
 w - a wand of paralysis (5)
Scrolls
 f - 3 scrolls of teleportation
 i - 2 scrolls of enchant weapon
 n - a scroll of blinking
 x - a scroll of fog
Potions
 a - a potion of brilliance
 d - a potion of cancellation
 e - 4 potions of curing
 g - 3 potions of heal wounds
 m - a potion of flight
 p - a potion of haste
 q - 2 potions of invisibility
 u - 2 potions of berserk rage


   Skills:
 - Level 1.7 Dodging
 - Level 1.7 Stealth
 + Level 3.1 Spellcasting
 + Level 12.8 Conjurations
 + Level 11.4 Translocations


You had 9 spell levels left.
You knew the following spells:

 Your Spells              Type           Power      Damage    Failure   Level
a - Magic Dart            Conj           100%       1d8       1%          1
b - Searing Ray           Conj           100%       2d8       1%          2
c - Iskenderun's Mystic   Conj/Tloc      54%        2d12      1%          4

Your spell library contained the following spells:

 Spells                   Type           Power      Damage    Failure   Level
 Foxfire                  Conj/Fire      100%       2x1d9     1%          1
 Gell's Gravitas          Tloc           52%        N/A       1%          3
 Lesser Beckoning         Tloc           52%        N/A       1%          3
 Teleport Other           Tloc           52%        N/A       1%          3
 Conjure Flame            Conj/Fire      31%        6-21      2%          3
 Dazzling Flash           Conj/Hex       62%        N/A       2%          3
 Flame Wave               Conj/Fire      31%        2d8       9%          4
 Fulminant Prism          Conj/Hex       15%        3d11      9%          4
 Inner Flame              Hex/Fire       3%         N/A       36%         3


Dungeon Overview and Level Annotations

Branches:
Dungeon (9/15)             Temple (1/1) D:5            Lair (1/6) D:9
    Orc (0/2) D:9

Altars:
Ashenzari
Cheibriados
Dithmenos
Elyvilon
Fedhas
Gozag
Hepliaklqana
Kikubaaqudgha
Makhleb
Okawaru
Qazlal
Ru
Sif Muna
Trog
Vehumet
Wu Jian
Yredelemnul
The Shining One
Beogh

Shops:
D:7 *   D:8 ?

Annotations:
D:9 1 runed translucent door, Jase's ghost, novice MiFi
Lair:1 Gastronok


Innate Abilities, Weirdness & Mutations

You can breathe wild blasts of lightning.
Your glossy black scales are hard. (AC +7)
You cannot fit into any form of body armour.
You are resistant to electric shocks. (rElec)
You are cold-blooded and may be slowed by cold attacks.


Message History

Casting: Searing Ray (safe; 1% risk of failure)
Confirm with . or Enter, or press ? or * to list all spells.
Aiming: Searing Ray (safe; 1% risk of failure)
Press: ? - help, Shift-Dir - straight line, f - Gastronok
Aim: Gastronok, wearing a +0 hat of stealth (heavily wounded, lightly drained, 100% to hit)
The searing ray hits Gastronok!
Gastronok is heavily wounded. (Press . to maintain the ray.) Gastronok bites you but does no damage.
The searing ray hits Gastronok!
Gastronok is heavily wounded.
The searing ray hits Gastronok!
Gastronok is severely wounded.
Gastronok bites you!!
* * * LOW HITPOINT WARNING * * *
The searing ray hits Gastronok.
Gastronok is severely wounded.
You finish channelling your searing ray.
Gastronok bites you!
* * * LOW HITPOINT WARNING * * *
Casting: Searing Ray (safe; 1% risk of failure)
Confirm with . or Enter, or press ? or * to list all spells.
Aiming: Searing Ray (safe; 1% risk of failure)
Press: ? - help, Shift-Dir - straight line, f/p - Gastronok
Aim: Gastronok, wearing a +0 hat of stealth (severely wounded, lightly drained, 100% to hit)
The searing ray hits Gastronok!
Gastronok is severely wounded. (Press . to maintain the ray.)
The searing ray hits Gastronok.
Gastronok is severely wounded.
Gastronok bites you.
* * * LOW HITPOINT WARNING * * *
The searing ray hits Gastronok.
Gastronok is severely wounded.
The searing ray hits Gastronok!
Gastronok is almost dead.
You finish channelling your searing ray.
Gastronok gurgles.
Gastronok bites you!
You die...

##.........## ###........#
.........## ..........#
.........## #.......## ###
##.......###.###
#.......###..#.##
..........##..@.#
..........##.w###
>.............## #
........>.....P## ## .#
................#######P##..#
...............#.##..........
...............#.w...........
......>.............[........
....................!.w...)


You could see Gastronok (drained).

Vanquished Creatures
  A two-headed ogre (D:8)
  Pikel (D:4)
  A cane toad (Lair:1)
  A troll (D:9)
  A wyvern (Lair:1)
  5 yaks (D:9)
  3 steam dragons
  4 water moccasins
  6 orc warriors
  3 sky beasts
  2 ice beasts (D:5)
  5 black bears
  3 centaurs
  2 lemures (D:4)
  2 kobold brigands
  10 bullfrogs
  3 scorpions
  A water moccasin skeleton (D:7)
  11 killer bees
  7 wights
  A howler monkey (D:9)
  3 bullfrog zombies
  4 centaur zombies
  5 orc priests
  4 hounds
  5 iguanas
  7 orc wizards
  2 howler monkey zombies
  4 gnolls
  7 adders
  A shadow imp (D:5)
  A white imp (D:7)
  An adder zombie (D:5)
  2 worms
  2 dart slugs
  38 orcs
  5 ball pythons
  3 bat zombies (D:5)
  7 endoplasms
  3 giant cockroaches
  6 goblins
  5 hobgoblins
  2 jackals (D:3)
  4 quokkas
  4 bats
  A frilled lizard (D:1)
  6 kobolds
  6 rats
211 creatures vanquished.

Vanquished Creatures (others)
  46 fungi
  19 plants
65 creatures vanquished.

Grand Total: 276 creatures vanquished

Notes
Turn   | Place    | Note
-------+----------+-------------------------------------------
     0 | D:1      | pkoi the Draconian Conjurer began the quest for the Orb.
     0 | D:1      | Reached XP level 1. HP: 14/14 MP: 3/3
   591 | D:1      | Found a faded altar of an unknown god.
   594 | D:1      | Reached XP level 2. HP: 20/20 MP: 1/5
   644 | D:1      | Learned a level 2 spell: Searing Ray
  1565 | D:2      | Reached skill level 5 in Conjurations
  1628 | D:2      | Reached XP level 3. HP: 26/26 MP: 3/6
  2675 | D:3      | Reached XP level 4. HP: 33/33 MP: 1/7
  2898 | D:3      | Learned a level 4 spell: Iskenderun's Mystic Blast
  4145 | D:3      | Reached skill level 6 in Conjurations
  4145 | D:3      | Reached skill level 1 in Translocations
  4290 | D:4      | Reached XP level 5. HP: 36/38 MP: 4/8
  4332 | D:4      | Noticed a lemure
  4509 | D:4      | Noticed a lemure
  4529 | D:4      | Identified the +11 whip of Xeag Amn {drain, rPois rF- MP+9
                  | Str+4}
  4536 | D:4      | Killed a lemure
  4690 | D:4      | Found a broken altar of Ashenzari.
  4756 | D:4      | Noticed Pikel
  4759 | D:4      | Noticed a lemure
  4759 | D:4      | Noticed a lemure
  4802 | D:4      | Killed a lemure
  4805 | D:4      | Killed Pikel
  4806 | D:4      | Reached skill level 7 in Conjurations
  4806 | D:4      | Reached XP level 6. HP: 24/45 MP: 1/9
  4806 | D:4      | Your scales start taking on a glossy black colour.
  4806 | D:4      | Reached XP level 7. HP: 27/50 MP: 1/10
  4806 | D:4      | Gained mutation: You are resistant to electric shocks.
                  | (rElec) [Black Draconian growth]
  5314 | D:5      | Entered Level 5 of the Dungeon
  5464 | D:5      | Found a glowing golden altar of the Shining One.
  5510 | D:5      | Noticed a steam dragon
  5516 | D:5      | Killed a steam dragon
  5517 | D:5      | Reached skill level 8 in Conjurations
  5517 | D:5      | Reached skill level 5 in Translocations
  5714 | D:5      | Reached XP level 8. HP: 57/57 MP: 11/11
  5949 | D:5      | Found a staircase to the Ecumenical Temple.
  5959 | Temple   | Entered the Ecumenical Temple
  6288 | D:5      | Reached skill level 9 in Conjurations
  6437 | D:5      | Found an ancient bone altar of Kikubaaqudgha.
  7148 | D:6      | Found a stormy altar of Qazlal.
  7152 | D:6      | Found a shadowy altar of Dithmenos.
  7617 | D:7      | Reached XP level 9. HP: 59/62 MP: 12/12
  7830 | D:7      | Reached skill level 10 in Conjurations
  8449 | D:7      | Found a white marble altar of Elyvilon.
  8499 | D:7      | Found Joakaill's Assorted Antiques.
  8578 | D:7      | Bought a scroll labelled GIYHERUMAY for 18 gold pieces
  8578 | D:7      | Bought a sedimented golden potion for 16 gold pieces
  8578 | D:7      | Bought a fizzy dark potion for 16 gold pieces
  9141 | D:7      | Found a snail-covered altar of Cheibriados.
  9235 | D:5      | Became a worshipper of the Shining One
  9634 | D:8      | Found a radiant altar of Vehumet.
  9685 | D:8      | Reached skill level 11 in Conjurations
 10315 | D:8      | Noticed a two-headed ogre
 10323 | D:8      | Killed a two-headed ogre
 10324 | D:8      | Reached XP level 10. HP: 64/69 MP: 3/13
 10538 | D:8      | Found a shimmering blue altar of Sif Muna.
 10722 | D:8      | Reached skill level 10 in Translocations
 10937 | D:8      | Fell from the grace of the Shining One
 10937 | D:8      | Became a worshipper of Sif Muna the Loreminder
 11384 | D:8      | Found Riveqier's Magic Scroll Shop.
 11726 | D:8      | Bought a scroll of blinking for 112 gold pieces
 11726 | D:8      | Bought a scroll of identify for 30 gold pieces
 11726 | D:8      | Bought a scroll of identify for 30 gold pieces
 11726 | D:8      | Bought a scroll of identify for 30 gold pieces
 12168 | D:8      | Reached skill level 12 in Conjurations
 12501 | D:9      | Found a staircase to the Lair.
 12526 | D:9      | Found a runed translucent door.
 12527 | D:9      | Noticed Jase's ghost (novice MiFi)
 13022 | D:9      | Found a staircase to the Orcish Mines.
 13044 | D:9      | Reached * piety under Sif Muna
 14043 | D:9      | Noticed a boulder beetle
 15385 | Lair:1   | Entered Level 1 of the Lair of Beasts
 15392 | Lair:1   | Noticed a cane toad
 15403 | Lair:1   | Killed a cane toad
 15604 | Lair:1   | Reached XP level 11. HP: 71/74 MP: 14/15
 15624 | Lair:1   | Noticed Gastronok
 15670 | Lair:1   | Mangled by Gastronok

Illustrated notes

Levels and vault maps discovered:
D:1:      lemuel_arrival_muddy, layout_basic,
          dreamdust_ecumenical_altar_angels_and_demons, serial_glass,
          glass_columns_a, glass_columns_a, glass_columns_c, glass_columns_a,
          glass_columns_a, glass_columns_a, glass_columns_b, glass_columns_a,
          glass_columns_a, glass_columns_a, feat_on_display, feat_on_display,
          feat_on_display, feat_on_display
D:2:      layout_basic, minmay_heptomino_o4
D:3:      layout_basic, serial_curves, eino_curves_04, eino_curves_03,
          eino_curves_03, eino_curves_04, minivault_5
D:4:      layout_basic, ashenzari_conservatory_becter, uniq_pikel
D:5:      kennysheep_steamy, layout_loops_cross, nicolae_overflow_crystal_walls,
          lemuel_zombie_altar_kikubaaqudgha,
          minmay_temple_entry_drinking_statues
D:6:      layout_rooms, minitemple, hangedman_abyss_or_decor_passed
D:7:      layout_rooms, cheibriados_altar_1, nicolae_elyvilon_peaceful_grove,
          serial_shops, shop, serial_bayou_pond_e, minmay_crossroads
D:8:      layout_basic, lemuel_tele_altar, mainiacjoe_overflow_24_doors,
          serial_rivers, chequers_serial_rivers_micro_e,
          chequers_serial_rivers_marsh, chequers_serial_rivers_micro_c,
          chequers_serial_rivers_micro_c, chequers_serial_rivers_small_b,
          chequers_serial_rivers_room_b, hangedman_decor_peaks_small,
          kennysheep_windowed_goal
D:9:      layout_layer_cave, due_lair_maze_entry_diamond,
          minmay_orc_entry_temple_large, hellmonk_ghost_happy_afterlife
Temple:   nicolae_temple_figure_zero
Lair:1:   layout_hall_layers, nicolae_volcano_entry_two_sided,
          chequers_serial_rivers_micro_c, minmay_shattered_shrine,
          uniq_gastronok

Skill      XL: |  1  2  3  4  5  6  7  8  9 10 |
---------------+-------------------------------+-----
Conjurations   | 5 6 7 8 9 11 12 | 12.8
Translocations | 1 4 5 7 9 11 | 11.4
Spellcasting   | 3 |  3.1
Dodging        | |  1.7
Stealth        | |  1.7

Action                   |  1- 3 |  4- 6 |  7- 9 | 10-12 || total
-------------------------+-------+-------+-------+-------++-------
Melee: Short sword       |    10 |     3 |       |       ||    13
       Whip              |       |     8 |    46 |    51 ||   105
       Tailslap          |       |       |     8 |    12 ||    20
       Dagger            |       |       |    14 |    32 ||    46
       Punch             |       |       |       |     1 ||     1
 Cast: Magic Dart        |    79 |    69 |   173 |   122 ||   443
       Searing Ray       |       |     3 |    33 |    31 ||    67
       Iskenderun's Myst |       |       |       |     7 ||     7
 Abil: Breathe Lightning |       |       |     2 |     3 ||     5
  Use: Scroll            |       |       |    14 |     5 ||    19
Armor: Skin              |     5 |     7 |    62 |    85 ||   159
Dodge: Dodged            |    11 |    10 |    95 |   137 ||   253
